 Dungeon Crawl Stone Soup version 0.31-a0-971-g75a2e9a4b4 (webtiles) character file.

Game seed: 12397831156700820751

12 jt the Sneak (level 2, 0/25 HPs)
             Began as a Naga Enchanter on Oct 28, 2023.
             Frozen to death by an endoplasm (3 damage)
             ... on level 1 of the Dungeon.
             The game lasted 00:01:15 (229 turns).

jt the Sneak (Naga Enchanter)                        Turns: 229, Time: 00:01:16

Health: 0/25       AC:  1    Str: 10    XL:     2   Next: 33%
Magic:  1/5        EV:  9    Int: 15    God:
Gold:   23         SH:  0    Dex: 11    Spells: 3/5 levels left

rFire   . . .        a - +1 dagger
rCold   . . .        (no shield)
rNeg    . . .        b - +0 robe
rPois   +            (no helmet)
rElec   .            (no cloak)
rCorr   .            (no gloves)
SInv    +            (no barding)
Will    .....        (no amulet)
Stlth   ++           (no ring)
HPRegen 0.24/turn    (no ring)
MPRegen 0.09/turn

%: no passive effects
@: short of breath, very slightly contaminated, very slow
A: AC +0, large, see invisible, deformed body, poison resistance, slowness 2,
spit poison 1, naga tail 1
a: Spit Poison


You were on level 1 of the Dungeon.
You visited 1 branch of the dungeon, and saw 1 of its levels.

You collected 23 gold pieces.

Inventory:

Hand Weapons
 a - a +1 dagger (weapon)
 d - a +0 short sword
Missiles
 e - a stone
Armour
 b - a +0 robe (worn)
Potions
 c - 2 potions of invisibility
 f - 2 potions of degeneration {unknown}
 g - a potion of heal wounds {unknown}


   Skills:
 + Level 1.2 Fighting
 + Level 1.7 Short Blades
 - Level 1.5 Dodging
 - Level 4.4 Stealth
 - Level 2.0 Spellcasting
 - Level 3.0 Hexes


You had 3 spell levels left.
You knew the following spells:

 Your Spells              Type           Power      Damage    Failure   Level
a - Ensorcelled Hibernat  Hex/Ice        12%        N/A       19%         2

Your spell library contained the following spells:

 Spells                   Type           Power      Damage    Failure   Level
 Confusing Touch          Hex            10%        N/A       19%         3
 Tukima's Dance           Hex            10%        N/A       19%         3
 Dazzling Flash           Conj/Hex       12%        N/A       34%         3


Dungeon Overview and Level Annotations

Branches:
Dungeon (1/15)

Altars:


Innate Abilities, Weirdness & Mutations

Your serpentine skin is tough. (AC +0)
You have supernaturally acute eyesight. (SInv)
Armour fits poorly on your strangely shaped body.
Your system is resistant to poisons. (rPois)
You cover ground very slowly.
You can spit poison.
You have a snake-like lower body.


Message History

Found 3 poisoned darts.
The endoplasm quivers.
The helpless frilled lizard fails to defend itself.
You puncture the frilled lizard!
You kill the frilled lizard!
The endoplasm freezes you.
You are frozen.
Casting: Ensorcelled Hibernation (safe; 19% risk of failure)
Confirm with . or Enter, or press ? or * to list all spells.
Aiming: Ensorcelled Hibernation (safe; 19% risk of failure)
Press: ? - help, Shift-Dir - straight line, f - endoplasm
Aim: an endoplasm (chance to affect: 57%)
You miscast Ensorcelled Hibernation.
You are very lightly contaminated with residual magic.
Nothing appears to happen.
The endoplasm freezes you.
You are frozen.
Casting: Ensorcelled Hibernation (safe; 19% risk of failure)
Confirm with . or Enter, or press ? or * to list all spells.
Aiming: Ensorcelled Hibernation (safe; 19% risk of failure)
Press: ? - help, Shift-Dir - straight line, f/p - endoplasm
Aim: an endoplasm (chance to affect: 57%)
The endoplasm resists with significant effort.
The endoplasm hits you.
You hit the endoplasm.
The endoplasm is heavily wounded.
The quokka bites you. The endoplasm freezes you.
You are frozen.
The quokka bites you.
* * * LOW HITPOINT WARNING * * *
Aiming: Spit Poison (2% risk of failure)
Press: ? - help, Shift-Dir - straight line, f/p - endoplasm
Aim: an endoplasm (heavily wounded, 97% to hit)
The splash of poison hits the endoplasm.
The endoplasm is almost dead.
The quokka bites you.
* * * LOW HITPOINT WARNING * * *
The endoplasm freezes you.
You are frozen.
You die...

#.# #.#...##.## #.#
#.#...##.##
...####.###.#...##.#.
............#...##.#.
.#.######.#####...##.#.
..............'...'....
..#.#.......##...##.##
#####+#'#####.##...##.#
......r@...##..+...+..#
........J..#####...####
...........# #...#
...........# #####
...........#
...........#
...[.......#
..(........# #.#####


You could see an endoplasm and a quokka.

Vanquished Creatures
  A dart slug (D:1)
  2 ball pythons (D:1)
  2 hobgoblins (D:1)
  2 bats (D:1)
  2 frilled lizards (D:1)
  2 kobolds (D:1)
11 creatures vanquished.

Notes
Turn   | Place    | Note
-------+----------+-------------------------------------------
     0 | D:1      | jt the Naga Enchanter began the quest for the Orb.
     0 | D:1      | Reached XP level 1. HP: 15/15 MP: 3/3
   104 | D:1      | Reached skill level 1 in Fighting
   104 | D:1      | Reached XP level 2. HP: 25/25 MP: 5/5
   161 | D:1      | Learned a level 2 spell: Ensorcelled Hibernation
   229 | D:1      | Frozen to death by an endoplasm

Illustrated notes

Levels and vault maps discovered:
D:1:      erik_arrival_blinker_ship, layout_basic,
          shapermc_ecumenical_altar_pompeii, chequers_serial_rivers_room_b

Skill      XL: |  1 |
---------------+----+-----
Fighting       | 1 |  1.2
Short Blades   | |  1.7
Dodging        | |  1.5
Stealth        | |  4.4
Spellcasting   | |  2.0
Hexes          | |  3.0

Action                     || total
---------------------------++-------
  Melee: Dagger            ||     8
   Cast: Ensorcelled Hiber ||     1
Ability: Spit Poison       ||    11
   Stab: Sleeping          ||     3
 Armour: Robe              ||     8
  Dodge: Dodged            ||     4

Table legend: (Time is in decaauts)
 A = Elapsed time spent in this place.
 B = Non-inter-level travel time spent in this place.
 C = Inter-level travel time spent in this place.
 D = Time resting spent in this place.
 E = Time spent auto-exploring this place.
 F = Levels seen in this place.
 G = Mean time per level.
                   A        B        C        D        E       F      G
               +--------+--------+--------+--------+--------+-----+--------+
         Total |    293 |    293 |      0 |     31 |     79 |   1 |  293.0 |
       Dungeon |    293 |    293 |      0 |     31 |     79 |   1 |  293.0 |
               +--------+--------+--------+--------+--------+-----+--------+

Top non-repeatable levels by time:
     D:1: 293 daAuts
